Sewer Rats vs Little Stars
Created - January 22, 2020 at 19:21
Goals
|
Sewer Rats |
2 |
1 |
2 |
0 |
0 |
5 |
Little Stars |
1 |
1 |
3 |
0 |
1 |
6 |
|
Shots
|
Sewer Rats |
13 |
8 |
10 |
2 |
4 |
33 |
Little Stars |
13 |
12 |
13 |
2 |
4 |
40 |
|
1st period
1. Sewer Rats , Martin Frk 17 (Steven Kampfer 25, Jonathan Marchessault 25) at 0:52
2. Little Stars , Dana Tyrell 14 (Michael Mersch 11, Sebastian Wannstrom 12) at 3:03
3. Sewer Rats , Dmitrij Jaskin 15 (Stefan Elliott 22, Martin Frk 17) at 15:59
Penalties :
Scott Kosmachuck (Tex) for Tripping (Minor) at 19:55
2nd period
4. Sewer Rats , Dmitrij Jaskin 16 (Connor Carrick 3, Jared McCann 5) at 2:53
5. Little Stars , Sebastian Wannstrom 8 (Reece Willcox 8, Tyler Wotherspoon 20) at 17:24
Penalties :
Tomas Tatar (Tol) for Slashing (Minor) at 12:39, Joel Edmundson (Tol) for High sticking (Minor) at 15:00, Steven Kampfer (Tol) for Interference (Minor) at 18:21
3rd period
6. Little Stars , Jesse Joensuu 25 (Evgeny Kuznetsov 34) at 0:08 (PP)
7. Little Stars , Jason Dickinson 5 (Daniil Tarasov 8, Patrick Wiercioch 14) at 1:48
8. Little Stars , Evgeny Kuznetsov 21 (Jesse Joensuu 30, Tyson Barrie 15) at 2:00
9. Sewer Rats , Tomas Tatar 22 (Mark Mancari 33, Vincent Trocheck 47) at 4:26 (PP)
10. Sewer Rats , Joseph Blandisi 6 (Nick Cousins 16, John Ramage 3) at 6:47
Penalties :
Sebastian Wannstrom (Tex) for Hooking (Minor) at 4:10, Jarred Tinordi (Tol) for Interference (Minor) at 7:48, Tomas Tatar (Tol) for Cross-checking (Minor) at 11:12, Sebastian Wannstrom (Tex) for Roughing (Minor) at 18:06
Overtime #1
No Goal
Penalties :
No Penalty
Shootout
Sewer Rats, Mark Mancari - Stopped by Matt Murray
Little Stars, Evgeny Kuznetsov - Shot Misses the Net
Sewer Rats, Tomas Tatar - Stopped by Matt Murray
Little Stars, Dana Tyrell - Shot Misses the Net
Sewer Rats, Dmitrij Jaskin - Stopped by Matt Murray
Little Stars, Jesse Joensuu - Shot Misses the Net
Sewer Rats, Erik Condra - Stopped by Matt Murray
Little Stars, Scott Kosmachuck - Goal!
Penalties :
No Penalty
Goalie Stats
Darcy Kuemper (Tol), 35 saves from 40 shots - (0.875), OTL, 3-7-3, 65:00 minutes
Matt Murray (Tex), 28 saves from 33 shots - (0.848), W, 17-9-2, 65:00 minutes
Players Stats for Sewer Rats
Player Name G A P +/- PIM S H SB GA TA FO MP PP MP PK MP
------------------------------------------------------------------------------------
Connor Carrick 0 1 1 -1 0 2 0 6 0 1 0/0 13:09 0:00 2:10
Daniel Carr 0 0 0 -2 0 3 1 0 0 0 0/0 17:44 1:37 2:22
Dmitrij Jaskin 2 0 2 1 0 7 1 0 1 0 1/1 12:41 0:15 3:11
Erik Condra 0 0 0 -1 0 1 2 2 0 0 1/2 17:40 1:22 1:59
Jared McCann 0 1 1 1 0 0 0 0 0 0 1/5 8:05 0:00 0:00
Jarred Tinordi 0 0 0 0 2 2 1 2 0 3 0/0 30:51 2:49 4:51
Joel Edmundson 0 0 0 0 2 1 1 3 0 2 0/0 21:35 1:19 2:52
John Ramage 0 1 1 0 0 0 1 2 0 0 0/0 10:33 0:00 0:00
Jonathan Marchessault 0 1 1 -1 0 2 3 0 1 1 5/12 14:32 1:22 0:06
Joseph Blandisi 1 0 1 2 0 1 0 1 0 0 0/0 9:51 0:00 0:40
Mark Mancari 0 1 1 -2 0 3 2 1 1 1 11/14 25:34 2:31 5:12
Martin Frk 1 1 2 2 0 3 1 0 0 0 1/3 13:16 0:47 0:00
Michael Dal Colle 0 0 0 1 0 1 1 0 0 1 0/0 8:05 0:00 0:00
Nick Cousins 0 1 1 2 0 1 0 0 0 0 6/10 12:47 0:28 1:10
Stefan Elliott 0 1 1 0 0 1 2 0 0 1 0/0 22:15 1:19 3:32
Steven Kampfer 0 1 1 0 2 3 1 1 2 0 0/0 28:20 2:49 5:12
Tomas Tatar 1 0 1 -1 4 1 0 0 1 0 1/2 23:19 2:31 3:01
Vincent Trocheck 0 1 1 -1 0 1 0 0 0 0 14/22 16:15 1:31 1:45
Xavier Ouellet 0 0 0 0 0 0 0 0 0 1 0/0 3:40 0:00 0:49
Players Stats for Little Stars
Player Name G A P +/- PIM S H SB GA TA FO MP PP MP PK MP
------------------------------------------------------------------------------------
Adam Tambellini 0 0 0 0 0 1 1 0 1 0 2/2 16:32 4:00 0:00
Anton Cederholm 0 0 0 1 0 1 2 0 0 1 0/0 23:02 3:37 1:32
Dana Tyrell 1 0 1 0 0 3 3 1 4 0 6/8 21:03 4:00 2:17
Daniel O'regan 0 0 0 0 0 2 1 1 0 0 3/6 13:01 0:27 0:29
Daniil Tarasov 0 1 1 0 0 1 2 0 0 0 0/0 7:08 0:00 0:00
Emile Poirier 0 0 0 0 0 1 0 0 1 0 0/1 7:08 0:00 0:00
Evgeny Kuznetsov 1 1 2 0 0 3 2 1 0 0 14/43 25:07 5:31 2:23
Jason Dickinson 1 0 1 0 0 3 0 0 0 0 3/6 7:08 0:00 0:00
Jesse Joensuu 1 1 2 0 0 5 0 0 2 0 2/2 22:46 5:16 0:59
Michael Mersch 0 1 1 0 0 3 2 0 0 0 0/1 14:30 0:30 1:08
Patrick Wiercioch 0 1 1 1 0 2 1 2 0 0 0/0 22:58 3:33 1:32
Reece Willcox 0 1 1 -1 0 3 0 1 0 0 0/0 11:39 0:10 0:00
Scott Kosmachuck 0 0 0 0 2 2 3 1 0 0 0/1 22:12 5:15 0:27
Sebastian Wannstrom 1 1 2 0 4 3 1 0 0 1 0/1 12:36 0:10 0:39
Tucker Poolman 0 0 0 -1 0 0 0 1 0 1 0/0 11:22 0:00 0:00
Tyler Wotherspoon 0 1 1 0 0 2 3 4 1 2 0/0 30:23 6:00 2:42
Tyson Barrie 0 1 1 0 0 3 3 2 2 1 0/0 30:36 6:06 2:42
Zach Budish 0 0 0 0 0 2 2 0 0 0 0/0 16:32 4:00 0:00
3 Stars
1 - Dmitrij Jaskin (Tol)
2 - Martin Frk (Tol)
3 - Evgeny Kuznetsov (Tex)
Power Play
Sewer Rats - 1 on 3 Attempt(s) - 33.33%
Little Stars - 1 on 5 Attempt(s) - 20.00%
Penalty Kill
Sewer Rats - 4 on 5 Attempt(s) - 80.00%
- Score 0 goal in Penalty Kill
Little Stars - 2 on 3 Attempt(s) - 66.67%
- Score 0 goal in Penalty Kill
Team Stat
Sewer Rats - Hits : 17 - Faceoff Wins : 41 - Blocked Shots : 18 - Penalty Minutes : 10
Little Stars - Hits : 26 - Faceoff Wins : 30 - Blocked Shots : 14 - Penalty Minutes : 6
Official
Referees : Unknown
Linesman : Unknown
Game Notes
Vincent Trocheck is injured at 7:26 of 3rd period (Torso)
Finance
Level 1 -- Attendance: 1560 (78.00%) -- Ticket Income $54,600
Level 2 -- Attendance: 1000 (100.00%) -- Ticket Income $15,000
Total Attendance: 2560 (85.33%)
Total Ticket Income: $69,600
Other Income: $3,480
Total Income: $73,080
Sewer Rats
5 vs 5 Forward
Center Left Wing Right Wing Time % Phy DF OF
1 Vincent Trocheck Tomas Tatar Mark Mancari 40 1 2 2
2 Jonathan Marchessault Daniel Carr Erik Condra 30 1 2 2
3 Nick Cousins Joseph Blandisi Martin Frk 20 1 2 2
4 Jared McCann Michael Dal Colle Dmitrij Jaskin 10 1 2 2
5 vs 5 Defense
Defense Defense Time % Phy DF OF
1 Jarred Tinordi Steven Kampfer 40 1 2 2
2 Stefan Elliott Joel Edmundson 30 1 2 2
3 John Ramage Connor Carrick 20 1 2 2
4 Xavier Ouellet Jarred Tinordi 10 1 2 2
PowerPlay Forward
Center Left Wing Right Wing Time % Phy DF OF
1 Vincent Trocheck Tomas Tatar Mark Mancari 60 1 2 2
2 Jonathan Marchessault Daniel Carr Erik Condra 40 1 2 2
PowerPlay Defense
Defense Defense Time % Phy DF OF
1 Jarred Tinordi Steven Kampfer 60 1 2 2
2 Stefan Elliott Joel Edmundson 40 1 2 2
Penalty Kill 4 Players Forward
Center Wing Time % Phy DF OF
1 Mark Mancari Tomas Tatar 60 1 2 2
2 Vincent Trocheck Erik Condra 40 1 2 2
Penalty Kill 4 Players Defense
Defense Defense Time % Phy DF OF
1 Jarred Tinordi Steven Kampfer 60 1 2 2
2 Stefan Elliott Joel Edmundson 40 1 2 2
Penalty Kill - 3 Players Forward
Forward Time % Phy DF OF
1 Mark Mancari 60 1 2 2
2 Tomas Tatar 40 1 2 2
Penalty Kill - 3 Players Defense
Defense Defense Time % Phy DF OF
1 Jarred Tinordi Steven Kampfer 60 1 2 2
2 Stefan Elliott Joel Edmundson 40 1 2 2
4 vs 4 Forward
Center Wing Time % Phy DF OF
1 Mark Mancari Tomas Tatar 60 1 2 2
2 Vincent Trocheck Erik Condra 40 1 2 2
4 vs 4 Defense
Defense Defense Time % Phy DF OF
1 Jarred Tinordi Steven Kampfer 60 1 2 2
2 Stefan Elliott Joel Edmundson 40 1 2 2
Last Minutes Offensive
Center Left Wing Right Wing Defense Defense
Vincent Trocheck Tomas Tatar Mark Mancari Jarred Tinordi Steven Kampfer
Last Minutes Defensive
Center Left Wing Right Wing Defense Defense
Vincent Trocheck Tomas Tatar Mark Mancari Jarred Tinordi Steven Kampfer
Goaltenders
Starting : Darcy Kuemper
Backup : Marek Mazanek
Extra Forwards
Normal : Martin Frk, Nick Cousins, Dmitrij Jaskin - PP : Martin Frk, Nick Cousins - PK : Dmitrij Jaskin
Extra Defensemen
Normal : John Ramage, Connor Carrick, Xavier Ouellet - PP : John Ramage - PK : Connor Carrick, Xavier Ouellet
Penalty Shots
Mark Mancari, Tomas Tatar, Vincent Trocheck, Erik Condra, Daniel Carr
Scratches
Dominik Kubalik (Healthy), Ryan Murphy (Bruised Right Shoulder Injury), Josh Archibald (Healthy), Jonathan Racine (Healthy), Tyler Motte (Healthy)
Chris Calhan (Healthy), Anthony Duclair (Healthy), Mark Friedman (Healthy), Matteson Iacopelli (Healthy), Sergei Kostenko (Healthy)
Antoine Bibeau (Healthy)
Little Stars
5 vs 5 Forward
Center Left Wing Right Wing Time % Phy DF OF
1 Evgeny Kuznetsov Jesse Joensuu Scott Kosmachuck 40 1 2 2
2 Dana Tyrell Adam Tambellini Zach Budish 30 1 2 2
3 Daniel O'regan Michael Mersch Sebastian Wannstrom 20 1 2 2
4 Jason Dickinson Emile Poirier Daniil Tarasov 10 1 2 2
5 vs 5 Defense
Defense Defense Time % Phy DF OF
1 Tyson Barrie Tyler Wotherspoon 40 1 2 2
2 Patrick Wiercioch Anton Cederholm 30 1 2 2
3 Reece Willcox Tucker Poolman 20 1 2 2
4 Tyson Barrie Tyler Wotherspoon 10 1 2 2
PowerPlay Forward
Center Left Wing Right Wing Time % Phy DF OF
1 Evgeny Kuznetsov Jesse Joensuu Scott Kosmachuck 60 0 2 3
2 Dana Tyrell Adam Tambellini Zach Budish 40 0 2 3
PowerPlay Defense
Defense Defense Time % Phy DF OF
1 Tyson Barrie Tyler Wotherspoon 60 0 2 3
2 Patrick Wiercioch Anton Cederholm 40 0 2 3
Penalty Kill 4 Players Forward
Center Wing Time % Phy DF OF
1 Evgeny Kuznetsov Dana Tyrell 60 0 3 2
2 Jesse Joensuu Scott Kosmachuck 40 0 3 2
Penalty Kill 4 Players Defense
Defense Defense Time % Phy DF OF
1 Tyson Barrie Tyler Wotherspoon 60 0 3 2
2 Patrick Wiercioch Anton Cederholm 40 0 3 2
Penalty Kill - 3 Players Forward
Forward Time % Phy DF OF
1 Evgeny Kuznetsov 60 0 3 2
2 Dana Tyrell 40 0 3 2
Penalty Kill - 3 Players Defense
Defense Defense Time % Phy DF OF
1 Tyson Barrie Tyler Wotherspoon 60 0 3 2
2 Patrick Wiercioch Anton Cederholm 40 0 3 2
4 vs 4 Forward
Center Wing Time % Phy DF OF
1 Evgeny Kuznetsov Dana Tyrell 60 1 2 2
2 Jesse Joensuu Scott Kosmachuck 40 1 2 2
4 vs 4 Defense
Defense Defense Time % Phy DF OF
1 Tyson Barrie Tyler Wotherspoon 60 1 2 2
2 Patrick Wiercioch Anton Cederholm 40 1 2 2
Last Minutes Offensive
Center Left Wing Right Wing Defense Defense
Evgeny Kuznetsov Jesse Joensuu Scott Kosmachuck Tyson Barrie Tyler Wotherspoon
Last Minutes Defensive
Center Left Wing Right Wing Defense Defense
Evgeny Kuznetsov Jesse Joensuu Scott Kosmachuck Tyson Barrie Tyler Wotherspoon
Goaltenders
Starting : Matt Murray
Backup : Peter Delmas
Extra Forwards
Normal : Michael Mersch, Daniel O'regan, Sebastian Wannstrom - PP : Michael Mersch, Daniel O'regan - PK : Sebastian Wannstrom
Extra Defensemen
Normal : Reece Willcox, Tucker Poolman, Patrick Wiercioch - PP : Reece Willcox - PK : Tucker Poolman, Patrick Wiercioch
Penalty Shots
Evgeny Kuznetsov, Dana Tyrell, Jesse Joensuu, Scott Kosmachuck, Adam Tambellini
Scratches
Justin Auger (Healthy), Eric Knodel (Healthy), Ville Pokka (Healthy), Shane Gersich (Healthy), Radel Fazleev (Healthy)
Julien Nantel (Healthy), Connor Knapp (Healthy), Spencer Martin (Healthy)
% Time on Ice - Sewer Rats
Lines # - Real PCT - Wanted PCT - Time Play
Normal Forward
1 - 34% - 40% - 15:50
2 - 28% - 30% - 13:04
3 - 20% - 20% - 9:10
4 - 18% - 10% - 8:05
Normal Defense
1 - 38% - 40% - 17:42
2 - 33% - 30% - 15:03
3 - 23% - 20% - 10:33
4 - 6% - 10% - 2:51
PP Forward
1 - 67% - 60% - 2:46
2 - 33% - 40% - 1:22
PP Defense
1 - 68% - 60% - 2:49
2 - 32% - 40% - 1:19
PK Forward
1 - 80% - 60% - 7:44
2 - 20% - 40% - 1:59
PK Defense
1 - 64% - 60% - 6:11
2 - 36% - 40% - 3:32
PK3 Forward
1 - 0% - 60%
2 - 0% - 40%
PK3 Defense
1 - 0% - 60%
2 - 0% - 40%
44 Forward
1 - 75% - 60% - 3:45
2 - 25% - 40% - 1:15
44 Defense
1 - 53% - 60% - 2:39
2 - 47% - 40% - 2:21
Last Minute Offensive - 0:00
Last Minute Defensive - 0:00
Total
Forward - 65:00
Defense - 65:00
|
% Time on Ice - Little Stars
Lines # - Real PCT - Wanted PCT - Time Play
Normal Forward
1 - 34% - 40% - 15:29
2 - 28% - 30% - 12:45
3 - 23% - 20% - 10:47
4 - 15% - 10% - 7:08
Normal Defense
1 - 38% - 40% - 17:46
2 - 34% - 30% - 15:47
3 - 25% - 20% - 11:22
4 - 3% - 10% - 1:14
PP Forward
1 - 59% - 60% - 5:43
2 - 41% - 40% - 4:00
PP Defense
1 - 63% - 60% - 6:10
2 - 37% - 40% - 3:33
PK Forward
1 - 76% - 60% - 3:09
2 - 24% - 40% - 0:59
PK Defense
1 - 63% - 60% - 2:36
2 - 37% - 40% - 1:32
PK3 Forward
1 - 100% - 60% - 0:06
2 - 0% - 40% - 0:00
PK3 Defense
1 - 100% - 60% - 0:06
2 - 0% - 40% - 0:00
44 Forward
1 - 75% - 60% - 3:40
2 - 25% - 40% - 1:14
44 Defense
1 - 57% - 60% - 2:48
2 - 43% - 40% - 2:06
Last Minute Offensive - 0:00
Last Minute Defensive - 0:00
Total
Forward - 65:00
Defense - 65:00
|
Play-by-Play
1st period
0:01 of 1st period - Evgeny Kuznetsov wins face-off versus Vincent Trocheck in neutral zone.
0:06 of 1st period - Steven Kampfer is hit by Scott Kosmachuck and loses puck.
0:25 of 1st period - Tyler Wotherspoon is hit by Jonathan Marchessault and loses puck.
0:52 of 1st period - Wrist shot by Martin Frk.
0:52 of 1st period - Goal by Martin Frk - Sewer Rats : 1 - Little Stars : 0.
0:53 of 1st period - Jason Dickinson wins face-off versus Jared McCann in neutral zone.
1:19 of 1st period - Stefan Elliott is hit by Scott Kosmachuck.
1:25 of 1st period - Wrist shot by Vincent Trocheck.
1:25 of 1st period - Stopped by Matt Murray with a rebound.
1:39 of 1st period - Wrist shot by Dana Tyrell.
1:39 of 1st period - Shot Misses the Net.
1:41 of 1st period - Snap shot by Dana Tyrell.
1:41 of 1st period - Deflect By Zach Budish.
1:41 of 1st period - Shot Misses the Net.
1:41 of 1st period - Puck is out of play.
1:42 of 1st period - Dana Tyrell wins face-off versus Erik Condra in Sewer Rats zone.
1:43 of 1st period - Wrist shot by Zach Budish.
1:43 of 1st period - Stopped by Darcy Kuemper with a rebound.
2:05 of 1st period - Slapshot by Jonathan Marchessault.
2:05 of 1st period - Stopped by Matt Murray with a rebound.
2:07 of 1st period - Slapshot by Stefan Elliott.
2:07 of 1st period - Stopped by Matt Murray without a rebound.
2:08 of 1st period - Nick Cousins wins face-off versus Evgeny Kuznetsov in Little Stars zone.
2:40 of 1st period - Anton Cederholm is hit by John Ramage and loses puck.
3:01 of 1st period - Wrist shot by Michael Mersch.
3:01 of 1st period - Shot Blocked by Connor Carrick.
3:03 of 1st period - Wrist shot by Dana Tyrell.
3:03 of 1st period - Goal by Dana Tyrell - Sewer Rats : 1 - Little Stars : 1.
3:04 of 1st period - Evgeny Kuznetsov wins face-off versus Vincent Trocheck in neutral zone.
3:13 of 1st period - Tyson Barrie is hit by Steven Kampfer.
3:19 of 1st period - Wrist shot by Evgeny Kuznetsov.
3:19 of 1st period - Deflect By Tomas Tatar.
3:19 of 1st period - Stopped by Darcy Kuemper without a rebound.
3:20 of 1st period - Nick Cousins wins face-off versus Daniel O'regan in Sewer Rats zone.
3:26 of 1st period - Icing by Jarred Tinordi.
3:27 of 1st period - Nick Cousins wins face-off versus Daniel O'regan in Sewer Rats zone.
3:53 of 1st period - Jarred Tinordi is hit by Tyson Barrie.
4:05 of 1st period - Snap shot by Jesse Joensuu.
4:05 of 1st period - Shot Misses the Net.
4:21 of 1st period - Snap shot by Steven Kampfer.
4:21 of 1st period - Shot Blocked by Tucker Poolman.
4:32 of 1st period - Icing by Erik Condra.
4:33 of 1st period - Jonathan Marchessault wins face-off versus Jason Dickinson in Sewer Rats zone.
6:03 of 1st period - Wrist shot by Jesse Joensuu.
6:03 of 1st period - Stopped by Darcy Kuemper without a rebound.
6:04 of 1st period - Vincent Trocheck wins face-off versus Evgeny Kuznetsov in Sewer Rats zone.
6:09 of 1st period - Slapshot by Jesse Joensuu.
6:09 of 1st period - Shot Misses the Net.
6:11 of 1st period - Backhand shot by Evgeny Kuznetsov.
6:11 of 1st period - Stopped by Darcy Kuemper with a rebound.
6:13 of 1st period - Snap shot by Jesse Joensuu.
6:13 of 1st period - Stopped by Darcy Kuemper with a rebound.
6:15 of 1st period - Slapshot by Tyson Barrie.
6:15 of 1st period - Stopped by Darcy Kuemper with a rebound.
6:17 of 1st period - Snap shot by Jesse Joensuu.
6:17 of 1st period - Shot Blocked by John Ramage.
6:19 of 1st period - Slapshot by Tyson Barrie.
6:19 of 1st period - Stopped by Darcy Kuemper without a rebound.
6:20 of 1st period - Adam Tambellini wins face-off versus Jonathan Marchessault in Sewer Rats zone.
7:50 of 1st period - Off-side.
7:51 of 1st period - Jonathan Marchessault wins face-off versus Dana Tyrell in neutral zone.
7:58 of 1st period - Daniel Carr is hit by Zach Budish and loses puck.
8:05 of 1st period - Snap shot by Dana Tyrell.
8:05 of 1st period - Shot Blocked by Connor Carrick.
8:07 of 1st period - Slapshot by Tyson Barrie.
8:07 of 1st period - Shot Blocked by John Ramage.
8:27 of 1st period - Icing by Tyson Barrie.
8:28 of 1st period - Vincent Trocheck wins face-off versus Daniel O'regan in Little Stars zone.
8:35 of 1st period - Snap shot by Mark Mancari.
8:35 of 1st period - Stopped by Matt Murray with a rebound.
9:09 of 1st period - Wrist shot by Daniel O'regan.
9:09 of 1st period - Stopped by Darcy Kuemper with a rebound.
9:11 of 1st period - Slapshot by Tyler Wotherspoon.
9:11 of 1st period - Stopped by Darcy Kuemper without a rebound.
9:12 of 1st period - Evgeny Kuznetsov wins face-off versus Nick Cousins in Sewer Rats zone.
9:21 of 1st period - Snap shot by Martin Frk.
9:21 of 1st period - Stopped by Matt Murray with a rebound.
9:37 of 1st period - Anton Cederholm is hit by Erik Condra.
10:20 of 1st period - Evgeny Kuznetsov is hit by Martin Frk and loses puck.
10:29 of 1st period - Wrist shot by Evgeny Kuznetsov.
10:29 of 1st period - Shot Misses the Net.
10:43 of 1st period - Wrist shot by Adam Tambellini.
10:43 of 1st period - Shot Blocked by Mark Mancari.
10:45 of 1st period - Slapshot by Zach Budish.
10:45 of 1st period - Shot Misses the Net.
11:19 of 1st period - Snap shot by Jesse Joensuu.
11:19 of 1st period - Stopped by Darcy Kuemper without a rebound.
11:20 of 1st period - Evgeny Kuznetsov wins face-off versus Jared McCann in Sewer Rats zone.
11:23 of 1st period - Wrist shot by Evgeny Kuznetsov.
11:23 of 1st period - Shot Hit the Post.
11:25 of 1st period - Slapshot by Tyler Wotherspoon.
11:25 of 1st period - Shot Misses the Net.
11:33 of 1st period - Wrist shot by Scott Kosmachuck.
11:33 of 1st period - Shot Misses the Net.
12:14 of 1st period - Snap shot by Daniel Carr.
12:14 of 1st period - Stopped by Matt Murray without a rebound.
12:15 of 1st period - Nick Cousins wins face-off versus Evgeny Kuznetsov in Little Stars zone.
13:07 of 1st period - Mark Mancari is hit by Michael Mersch and loses puck.
13:28 of 1st period - Slapshot by Connor Carrick.
13:28 of 1st period - Stopped by Matt Murray with a rebound.
13:30 of 1st period - Slapshot by John Ramage.
13:30 of 1st period - Shot Blocked by Reece Willcox.
13:47 of 1st period - Off-side.
13:48 of 1st period - Nick Cousins wins face-off versus Evgeny Kuznetsov in neutral zone.
13:51 of 1st period - Slapshot by Martin Frk.
13:51 of 1st period - Shot Blocked by Tyler Wotherspoon.
14:40 of 1st period - Slapshot by Michael Mersch.
14:40 of 1st period - Shot Blocked by Jarred Tinordi.
14:42 of 1st period - Snap shot by Patrick Wiercioch.
14:42 of 1st period - Stopped by Darcy Kuemper without a rebound.
14:43 of 1st period - Evgeny Kuznetsov wins face-off versus Vincent Trocheck in Sewer Rats zone.
15:51 of 1st period - Wrist shot by Dmitrij Jaskin.
15:51 of 1st period - Stopped by Matt Murray with a rebound.
15:59 of 1st period - Snap shot by Dmitrij Jaskin.
15:59 of 1st period - Goal by Dmitrij Jaskin - Sewer Rats : 2 - Little Stars : 1.
16:00 of 1st period - Jesse Joensuu wins face-off versus Tomas Tatar in neutral zone.
16:57 of 1st period - Snap shot by Connor Carrick.
16:57 of 1st period - Stopped by Matt Murray without a rebound.
16:58 of 1st period - Evgeny Kuznetsov wins face-off versus Vincent Trocheck in Little Stars zone.
17:13 of 1st period - Wrist shot by Tomas Tatar.
17:13 of 1st period - Shot Blocked by Scott Kosmachuck.
17:43 of 1st period - Snap shot by Martin Frk.
17:43 of 1st period - Shot Misses the Net.
17:45 of 1st period - Slapshot by Jarred Tinordi.
17:45 of 1st period - Shot Misses the Net.
17:47 of 1st period - Slapshot by Joel Edmundson.
17:47 of 1st period - Stopped by Matt Murray with a rebound.
17:49 of 1st period - Slapshot by Joel Edmundson.
17:49 of 1st period - Shot Misses the Net.
17:51 of 1st period - Snap shot by Nick Cousins.
17:51 of 1st period - Shot Misses the Net.
17:53 of 1st period - Snap shot by Joel Edmundson.
17:53 of 1st period - Shot Blocked by Tyler Wotherspoon.
19:13 of 1st period - Snap shot by Sebastian Wannstrom.
19:13 of 1st period - Deflect By Michael Mersch.
19:13 of 1st period - Stopped by Darcy Kuemper with a rebound.
19:15 of 1st period - Slapshot by Anton Cederholm.
19:15 of 1st period - Shot Blocked by Joseph Blandisi.
19:31 of 1st period - Wrist shot by Steven Kampfer.
19:31 of 1st period - Shot Misses the Net.
19:33 of 1st period - Slapshot by Steven Kampfer.
19:33 of 1st period - Deflect By Tucker Poolman.
19:33 of 1st period - Stopped by Matt Murray without a rebound.
19:34 of 1st period - Vincent Trocheck wins face-off versus Evgeny Kuznetsov in Little Stars zone.
19:55 of 1st period - Minor Penalty to Scott Kosmachuck for Tripping.
19:56 of 1st period - Vincent Trocheck wins face-off versus Evgeny Kuznetsov in Little Stars zone.
Goals for this period are 2 for Sewer Rats vs 1 for Little Stars.
Shots for this period are 13 for Sewer Rats vs 13 for Little Stars.
2nd period
0:01 of 2nd period - Vincent Trocheck wins face-off versus Evgeny Kuznetsov in neutral zone.
0:33 of 2nd period - Tyson Barrie is hit by Daniel Carr and loses puck.
1:02 of 2nd period - Snap shot by Sebastian Wannstrom.
1:02 of 2nd period - Stopped by Darcy Kuemper without a rebound.
1:03 of 2nd period - Vincent Trocheck wins face-off versus Sebastian Wannstrom in Sewer Rats zone.
1:45 of 2nd period - Vincent Trocheck is hit by Tyler Wotherspoon and loses puck.
1:55 of 2nd period - Penalty to Scott Kosmachuck is over, Scott Kosmachuck is back on ice.
2:07 of 2nd period - Wrist shot by Scott Kosmachuck.
2:07 of 2nd period - Deflect By Stefan Elliott.
2:07 of 2nd period - Shot Misses the Net.
2:07 of 2nd period - Puck is out of play.
2:08 of 2nd period - Dmitrij Jaskin wins face-off versus Emile Poirier in Sewer Rats zone.
2:33 of 2nd period - Adam Tambellini is hit by Dmitrij Jaskin and loses puck.
2:53 of 2nd period - Snap shot by Dmitrij Jaskin.
2:53 of 2nd period - Goal by Dmitrij Jaskin - Sewer Rats : 3 - Little Stars : 1.
2:54 of 2nd period - Vincent Trocheck wins face-off versus Evgeny Kuznetsov in neutral zone.
4:01 of 2nd period - Tomas Tatar is hit by Patrick Wiercioch and loses puck.
4:20 of 2nd period - Jesse Joensuu is hit by Stefan Elliott and loses puck.
5:01 of 2nd period - Martin Frk is hit by Daniil Tarasov and loses puck.
5:43 of 2nd period - Wrist shot by Scott Kosmachuck.
5:43 of 2nd period - Stopped by Darcy Kuemper without a rebound.
5:44 of 2nd period - Adam Tambellini wins face-off versus Jonathan Marchessault in Sewer Rats zone.
5:45 of 2nd period - Wrist shot by Dana Tyrell.
5:45 of 2nd period - Shot Misses the Net.
5:47 of 2nd period - Snap shot by Dana Tyrell.
5:47 of 2nd period - Shot Misses the Net.
6:11 of 2nd period - Tomas Tatar is hit by Anton Cederholm and loses puck.
6:53 of 2nd period - Tyson Barrie is hit by Michael Dal Colle and loses puck.
7:23 of 2nd period - Wrist shot by Jason Dickinson.
7:23 of 2nd period - Stopped by Darcy Kuemper with a rebound.
8:02 of 2nd period - Backhand shot by Dana Tyrell.
8:02 of 2nd period - Stopped by Darcy Kuemper without a rebound.
8:03 of 2nd period - Dana Tyrell wins face-off versus Nick Cousins in Sewer Rats zone.
8:04 of 2nd period - Wrist shot by Zach Budish.
8:04 of 2nd period - Shot Blocked by Connor Carrick.
8:12 of 2nd period - Wrist shot by Martin Frk.
8:12 of 2nd period - Stopped by Matt Murray with a rebound.
8:22 of 2nd period - Slapshot by Nick Cousins.
8:22 of 2nd period - Shot Blocked by Dana Tyrell.
8:24 of 2nd period - Backhand shot by Connor Carrick.
8:24 of 2nd period - Shot Misses the Net.
8:40 of 2nd period - Wrist shot by Martin Frk.
8:40 of 2nd period - Shot Misses the Net.
8:42 of 2nd period - Backhand shot by Joseph Blandisi.
8:42 of 2nd period - Shot Blocked by Patrick Wiercioch.
8:44 of 2nd period - Wrist shot by Martin Frk.
8:44 of 2nd period - Shot Misses the Net.
8:46 of 2nd period - Wrist shot by Joseph Blandisi.
8:46 of 2nd period - Shot Misses the Net.
8:48 of 2nd period - Snap shot by Nick Cousins.
8:48 of 2nd period - Stopped by Matt Murray with a rebound.
8:50 of 2nd period - Snap shot by Jarred Tinordi.
8:50 of 2nd period - Stopped by Matt Murray without a rebound.
8:51 of 2nd period - Mark Mancari wins face-off versus Evgeny Kuznetsov in Little Stars zone.
8:52 of 2nd period - Wrist shot by Tomas Tatar.
8:52 of 2nd period - Shot Misses the Net.
9:21 of 2nd period - Wrist shot by Daniel O'regan.
9:21 of 2nd period - Stopped by Darcy Kuemper without a rebound.
9:22 of 2nd period - Erik Condra wins face-off versus Evgeny Kuznetsov in Sewer Rats zone.
10:06 of 2nd period - Snap shot by Dmitrij Jaskin.
10:06 of 2nd period - Shot Misses the Net.
10:22 of 2nd period - Wrist shot by Michael Mersch.
10:22 of 2nd period - Deflect By Sebastian Wannstrom.
10:22 of 2nd period - Shot Blocked by Jarred Tinordi.
10:22 of 2nd period - Puck is out of play.
10:23 of 2nd period - Vincent Trocheck wins face-off versus Evgeny Kuznetsov in Sewer Rats zone.
10:48 of 2nd period - Adam Tambellini is hit by Erik Condra and loses puck.
10:52 of 2nd period - Icing by Zach Budish.
10:53 of 2nd period - Dana Tyrell wins face-off versus Jonathan Marchessault in Little Stars zone.
10:59 of 2nd period - Zach Budish is hit by Jonathan Marchessault and loses puck.
11:11 of 2nd period - Off-side.
11:12 of 2nd period - Vincent Trocheck wins face-off versus Evgeny Kuznetsov in neutral zone.
11:15 of 2nd period - Snap shot by Mark Mancari.
11:15 of 2nd period - Stopped by Matt Murray with a rebound.
11:52 of 2nd period - Wrist shot by Jonathan Marchessault.
11:52 of 2nd period - Deflect By Daniel Carr.
11:52 of 2nd period - Shot Misses the Net.
11:52 of 2nd period - Puck is out of play.
11:53 of 2nd period - Evgeny Kuznetsov wins face-off versus Nick Cousins in Little Stars zone.
12:27 of 2nd period - Icing by Patrick Wiercioch.
12:28 of 2nd period - Daniel O'regan wins face-off versus Vincent Trocheck in Little Stars zone.
12:28 of 2nd period - Daniel O'regan is hit by Stefan Elliott.
12:39 of 2nd period - Minor Penalty to Tomas Tatar for Slashing.
12:40 of 2nd period - Mark Mancari wins face-off versus Evgeny Kuznetsov in Sewer Rats zone.
13:02 of 2nd period - Mark Mancari is hit by Tyson Barrie and loses puck.
14:14 of 2nd period - Steven Kampfer is hit by Anton Cederholm and loses puck.
14:39 of 2nd period - Penalty to Tomas Tatar is over, Tomas Tatar is back on ice.
14:42 of 2nd period - Off-side.
14:43 of 2nd period - Jared McCann wins face-off versus Jason Dickinson in neutral zone.
14:45 of 2nd period - Off-side.
14:46 of 2nd period - Jason Dickinson wins face-off versus Jared McCann in neutral zone.
15:00 of 2nd period - Minor Penalty to Joel Edmundson for High sticking.
15:01 of 2nd period - Evgeny Kuznetsov wins face-off versus Mark Mancari in Sewer Rats zone.
15:01 of 2nd period - Snap shot by Jesse Joensuu.
15:01 of 2nd period - Stopped by Darcy Kuemper without a rebound.
15:02 of 2nd period - Mark Mancari wins face-off versus Evgeny Kuznetsov in Sewer Rats zone.
15:11 of 2nd period - Slapshot by Tyler Wotherspoon.
15:11 of 2nd period - Stopped by Darcy Kuemper with a rebound.
16:57 of 2nd period - Icing by Tyson Barrie.
16:58 of 2nd period - Mark Mancari wins face-off versus Michael Mersch in Little Stars zone.
17:00 of 2nd period - Penalty to Joel Edmundson is over, Joel Edmundson is back on ice.
17:01 of 2nd period - Wrist shot by Daniel Carr.
17:01 of 2nd period - Shot Blocked by Tyler Wotherspoon.
17:07 of 2nd period - Stefan Elliott is hit by Tyler Wotherspoon and loses puck.
17:14 of 2nd period - Slapshot by Sebastian Wannstrom.
17:14 of 2nd period - Shot Blocked by Connor Carrick.
17:16 of 2nd period - Snap shot by Reece Willcox.
17:16 of 2nd period - Stopped by Darcy Kuemper with a rebound.
17:18 of 2nd period - Slapshot by Reece Willcox.
17:18 of 2nd period - Stopped by Darcy Kuemper with a rebound.
17:20 of 2nd period - Wrist shot by Sebastian Wannstrom.
17:20 of 2nd period - Stopped by Darcy Kuemper with a rebound.
17:22 of 2nd period - Slapshot by Reece Willcox.
17:22 of 2nd period - Stopped by Darcy Kuemper with a rebound.
17:24 of 2nd period - Slapshot by Sebastian Wannstrom.
17:24 of 2nd period - Goal by Sebastian Wannstrom - Sewer Rats : 3 - Little Stars : 2.
17:25 of 2nd period - Jonathan Marchessault wins face-off versus Evgeny Kuznetsov in neutral zone.
17:32 of 2nd period - Wrist shot by Jonathan Marchessault.
17:32 of 2nd period - Deflect By Erik Condra.
17:32 of 2nd period - Stopped by Matt Murray with a rebound.
17:34 of 2nd period - Slapshot by Jonathan Marchessault.
17:34 of 2nd period - Stopped by Matt Murray with a rebound.
17:36 of 2nd period - Wrist shot by Steven Kampfer.
17:36 of 2nd period - Shot Blocked by Tyson Barrie.
17:38 of 2nd period - Snap shot by Steven Kampfer.
17:38 of 2nd period - Stopped by Matt Murray without a rebound.
17:39 of 2nd period - Mark Mancari wins face-off versus Evgeny Kuznetsov in Little Stars zone.
18:04 of 2nd period - Jarred Tinordi is hit by Tyler Wotherspoon and loses puck.
18:21 of 2nd period - Minor Penalty to Steven Kampfer for Interference.
18:22 of 2nd period - Mark Mancari wins face-off versus Evgeny Kuznetsov in Sewer Rats zone.
18:49 of 2nd period - Vincent Trocheck is hit by Adam Tambellini and loses puck.
18:58 of 2nd period - Wrist shot by Dana Tyrell.
18:58 of 2nd period - Shot Blocked by Joel Edmundson.
Goals for this period are 1 for Sewer Rats vs 1 for Little Stars.
Shots for this period are 8 for Sewer Rats vs 12 for Little Stars.
3rd period
0:01 of 3rd period - Evgeny Kuznetsov wins face-off versus Mark Mancari in neutral zone.
0:06 of 3rd period - Snap shot by Jesse Joensuu.
0:06 of 3rd period - Deflect By Evgeny Kuznetsov.
0:06 of 3rd period - Shot Blocked by Connor Carrick.
0:06 of 3rd period - Puck is out of play.
0:07 of 3rd period - Evgeny Kuznetsov wins face-off versus Mark Mancari in Sewer Rats zone.
0:08 of 3rd period - Wrist shot by Jesse Joensuu.
0:08 of 3rd period - Goal by Jesse Joensuu - Sewer Rats : 3 - Little Stars : 3.
0:09 of 3rd period - Vincent Trocheck wins face-off versus Evgeny Kuznetsov in neutral zone.
1:11 of 3rd period - Sebastian Wannstrom is hit by Joel Edmundson and loses puck.
1:24 of 3rd period - Slapshot by Anton Cederholm.
1:24 of 3rd period - Shot Blocked by Joel Edmundson.
1:30 of 3rd period - Snap shot by Evgeny Kuznetsov.
1:30 of 3rd period - Shot Blocked by Joel Edmundson.
1:46 of 3rd period - Wrist shot by Daniil Tarasov.
1:46 of 3rd period - Shot Blocked by Erik Condra.
1:48 of 3rd period - Wrist shot by Jason Dickinson.
1:48 of 3rd period - Goal by Jason Dickinson - Sewer Rats : 3 - Little Stars : 4.
1:49 of 3rd period - Jesse Joensuu wins face-off versus Vincent Trocheck in neutral zone.
2:00 of 3rd period - Snap shot by Jesse Joensuu.
2:00 of 3rd period - Deflect By Evgeny Kuznetsov.
2:00 of 3rd period - Goal by Evgeny Kuznetsov - Sewer Rats : 3 - Little Stars : 5.
2:01 of 3rd period - Vincent Trocheck wins face-off versus Evgeny Kuznetsov in neutral zone.
2:08 of 3rd period - Snap shot by Tomas Tatar.
2:08 of 3rd period - Shot Misses the Net.
2:26 of 3rd period - Zach Budish is hit by Jarred Tinordi and loses puck.
2:47 of 3rd period - Slapshot by Patrick Wiercioch.
2:47 of 3rd period - Stopped by Darcy Kuemper with a rebound.
2:49 of 3rd period - Slapshot by Anton Cederholm.
2:49 of 3rd period - Shot Misses the Net.
2:51 of 3rd period - Slapshot by Anton Cederholm.
2:51 of 3rd period - Shot Blocked by Connor Carrick.
2:53 of 3rd period - Snap shot by Emile Poirier.
2:53 of 3rd period - Shot Misses the Net.
2:55 of 3rd period - Slapshot by Emile Poirier.
2:55 of 3rd period - Stopped by Darcy Kuemper without a rebound.
2:56 of 3rd period - Evgeny Kuznetsov wins face-off versus Vincent Trocheck in Sewer Rats zone.
2:57 of 3rd period - Wrist shot by Jesse Joensuu.
2:57 of 3rd period - Shot Blocked by Steven Kampfer.
3:11 of 3rd period - Mark Mancari is hit by Scott Kosmachuck and loses puck.
3:29 of 3rd period - Patrick Wiercioch is hit by Jonathan Marchessault and loses puck.
3:46 of 3rd period - Slapshot by Jarred Tinordi.
3:46 of 3rd period - Stopped by Matt Murray with a rebound.
3:48 of 3rd period - Snap shot by Jarred Tinordi.
3:48 of 3rd period - Deflect By Michael Dal Colle.
3:48 of 3rd period - Stopped by Matt Murray without a rebound.
3:49 of 3rd period - Daniel O'regan wins face-off versus Jared McCann in Little Stars zone.
4:00 of 3rd period - Wrist shot by Dmitrij Jaskin.
4:00 of 3rd period - Stopped by Matt Murray with a rebound.
4:02 of 3rd period - Snap shot by Dmitrij Jaskin.
4:02 of 3rd period - Shot Blocked by Tyler Wotherspoon.
4:10 of 3rd period - Minor Penalty to Sebastian Wannstrom for Hooking.
4:11 of 3rd period - Tomas Tatar wins face-off versus Evgeny Kuznetsov in Little Stars zone.
4:24 of 3rd period - Wrist shot by Mark Mancari.
4:24 of 3rd period - Stopped by Matt Murray with a rebound.
4:26 of 3rd period - Snap shot by Tomas Tatar.
4:26 of 3rd period - Goal by Tomas Tatar - Sewer Rats : 4 - Little Stars : 5.
4:27 of 3rd period - Vincent Trocheck wins face-off versus Evgeny Kuznetsov in neutral zone.
5:16 of 3rd period - Wrist shot by Nick Cousins.
5:16 of 3rd period - Shot Blocked by Patrick Wiercioch.
5:18 of 3rd period - Slapshot by Jarred Tinordi.
5:18 of 3rd period - Shot Blocked by Daniel O'regan.
5:20 of 3rd period - Wrist shot by Joseph Blandisi.
5:20 of 3rd period - Shot Misses the Net.
5:22 of 3rd period - Snap shot by Nick Cousins.
5:22 of 3rd period - Shot Misses the Net.
6:19 of 3rd period - Wrist shot by Daniel Carr.
6:19 of 3rd period - Stopped by Matt Murray without a rebound.
6:20 of 3rd period - Dana Tyrell wins face-off versus Jonathan Marchessault in Little Stars zone.
6:47 of 3rd period - Wrist shot by Nick Cousins.
6:47 of 3rd period - Deflect By Joseph Blandisi.
6:47 of 3rd period - Goal by Joseph Blandisi - Sewer Rats : 5 - Little Stars : 5.
6:48 of 3rd period - Vincent Trocheck wins face-off versus Evgeny Kuznetsov in neutral zone.
7:15 of 3rd period - Steven Kampfer is hit by Dana Tyrell and loses puck.
7:20 of 3rd period - Snap shot by Dana Tyrell.
7:20 of 3rd period - Deflect By Zach Budish.
7:20 of 3rd period - Shot Blocked by Erik Condra.
7:20 of 3rd period - Puck is out of play.
7:21 of 3rd period - Dana Tyrell wins face-off versus Vincent Trocheck in Sewer Rats zone.
7:22 of 3rd period - Wrist shot by Adam Tambellini.
7:22 of 3rd period - Stopped by Darcy Kuemper with a rebound.
7:24 of 3rd period - Slapshot by Anton Cederholm.
7:24 of 3rd period - Stopped by Darcy Kuemper without a rebound.
7:25 of 3rd period - Vincent Trocheck wins face-off versus Dana Tyrell in Sewer Rats zone.
7:25 of 3rd period - Vincent Trocheck is hit by Dana Tyrell.
7:26 of 3rd period - Vincent Trocheck from Sewer Rats is injured at 7:26 of 3rd period (Torso).
7:27 of 3rd period - Evgeny Kuznetsov wins face-off versus Martin Frk in Sewer Rats zone.
7:48 of 3rd period - Minor Penalty to Jarred Tinordi for Interference.
7:49 of 3rd period - Mark Mancari wins face-off versus Scott Kosmachuck in Sewer Rats zone.
8:06 of 3rd period - Mark Mancari is hit by Tyson Barrie.
8:49 of 3rd period - Mark Mancari is hit by Evgeny Kuznetsov and loses puck.
9:48 of 3rd period - Penalty to Jarred Tinordi is over, Jarred Tinordi is back on ice.
10:15 of 3rd period - Slapshot by Daniil Tarasov.
10:15 of 3rd period - Stopped by Darcy Kuemper with a rebound.
10:17 of 3rd period - Snap shot by Jason Dickinson.
10:17 of 3rd period - Stopped by Darcy Kuemper with a rebound.
10:36 of 3rd period - Backhand shot by Michael Mersch.
10:36 of 3rd period - Stopped by Darcy Kuemper without a rebound.
10:37 of 3rd period - Jonathan Marchessault wins face-off versus Jason Dickinson in Sewer Rats zone.
10:41 of 3rd period - Off-side.
10:42 of 3rd period - Jason Dickinson wins face-off versus Jonathan Marchessault in neutral zone.
10:52 of 3rd period - Icing by Jarred Tinordi.
10:53 of 3rd period - Jonathan Marchessault wins face-off versus Evgeny Kuznetsov in Sewer Rats zone.
11:01 of 3rd period - Icing by Tyler Wotherspoon.
11:02 of 3rd period - Martin Frk wins face-off versus Evgeny Kuznetsov in Little Stars zone.
11:12 of 3rd period - Minor Penalty to Tomas Tatar for Cross-checking.
11:13 of 3rd period - Mark Mancari wins face-off versus Evgeny Kuznetsov in Sewer Rats zone.
11:23 of 3rd period - Wrist shot by Dmitrij Jaskin.
11:23 of 3rd period - Stopped by Matt Murray with a rebound.
11:25 of 3rd period - Slapshot by Dmitrij Jaskin.
11:25 of 3rd period - Stopped by Matt Murray without a rebound.
11:26 of 3rd period - Mark Mancari wins face-off versus Evgeny Kuznetsov in Little Stars zone.
11:51 of 3rd period - Adam Tambellini is hit by Mark Mancari and loses puck.
12:44 of 3rd period - Jarred Tinordi is hit by Evgeny Kuznetsov and loses puck.
13:12 of 3rd period - Penalty to Tomas Tatar is over, Tomas Tatar is back on ice.
14:21 of 3rd period - Slapshot by Stefan Elliott.
14:21 of 3rd period - Shot Blocked by Evgeny Kuznetsov.
15:17 of 3rd period - Slapshot by Daniel Carr.
15:17 of 3rd period - Stopped by Matt Murray without a rebound.
15:18 of 3rd period - Dana Tyrell wins face-off versus Jonathan Marchessault in Little Stars zone.
16:00 of 3rd period - Steven Kampfer is hit by Daniil Tarasov and loses puck.
16:30 of 3rd period - Nick Cousins is hit by Daniel O'regan and loses puck.
17:04 of 3rd period - Martin Frk is hit by Zach Budish and loses puck.
17:11 of 3rd period - Snap shot by Zach Budish.
17:11 of 3rd period - Stopped by Darcy Kuemper without a rebound.
17:12 of 3rd period - Daniel O'regan wins face-off versus Jonathan Marchessault in Sewer Rats zone.
17:13 of 3rd period - Slapshot by Michael Mersch.
17:13 of 3rd period - Stopped by Darcy Kuemper with a rebound.
17:37 of 3rd period - Snap shot by Dana Tyrell.
17:37 of 3rd period - Stopped by Darcy Kuemper with a rebound.
17:39 of 3rd period - Slapshot by Zach Budish.
17:39 of 3rd period - Shot Misses the Net.
18:06 of 3rd period - Minor Penalty to Sebastian Wannstrom for Roughing.
18:07 of 3rd period - Evgeny Kuznetsov wins face-off versus Martin Frk in Little Stars zone.
18:47 of 3rd period - Anton Cederholm is hit by Mark Mancari and loses puck.
Goals for this period are 2 for Sewer Rats vs 3 for Little Stars.
Shots for this period are 10 for Sewer Rats vs 13 for Little Stars.
Overtime #1
0:01 of 1st overtime period - Mark Mancari wins face-off versus Evgeny Kuznetsov in neutral zone.
0:06 of 1st overtime period - Penalty to Sebastian Wannstrom is over, Sebastian Wannstrom is back on ice.
0:26 of 1st overtime period - Mark Mancari is hit by Dana Tyrell and loses puck.
0:45 of 1st overtime period - Slapshot by Tyson Barrie.
0:45 of 1st overtime period - Stopped by Darcy Kuemper with a rebound.
1:31 of 1st overtime period - Tomas Tatar is hit by Michael Mersch.
1:43 of 1st overtime period - Snap shot by Dmitrij Jaskin.
1:43 of 1st overtime period - Stopped by Matt Murray without a rebound.
1:44 of 1st overtime period - Evgeny Kuznetsov wins face-off versus Nick Cousins in Little Stars zone.
3:25 of 1st overtime period - Snap shot by Jesse Joensuu.
3:25 of 1st overtime period - Shot Misses the Net.
3:27 of 1st overtime period - Wrist shot by Scott Kosmachuck.
3:27 of 1st overtime period - Stopped by Darcy Kuemper without a rebound.
3:28 of 1st overtime period - Nick Cousins wins face-off versus Evgeny Kuznetsov in Sewer Rats zone.
3:33 of 1st overtime period - Slapshot by Steven Kampfer.
3:33 of 1st overtime period - Shot Blocked by Tyson Barrie.
3:35 of 1st overtime period - Snap shot by Steven Kampfer.
3:35 of 1st overtime period - Stopped by Matt Murray with a rebound.
3:37 of 1st overtime period - Wrist shot by Jarred Tinordi.
3:37 of 1st overtime period - Deflect By Nick Cousins.
3:37 of 1st overtime period - Shot Misses the Net.
3:37 of 1st overtime period - Puck is out of play.
3:38 of 1st overtime period - Mark Mancari wins face-off versus Evgeny Kuznetsov in Little Stars zone.
3:43 of 1st overtime period - Backhand shot by Tomas Tatar.
3:43 of 1st overtime period - Shot Misses the Net.
3:45 of 1st overtime period - Snap shot by Mark Mancari.
3:45 of 1st overtime period - Shot Hit the Post.
4:41 of 1st overtime period - Tomas Tatar is hit by Sebastian Wannstrom.
Goals for this period are 0 for Sewer Rats vs 0 for Little Stars.
Shots for this period are 2 for Sewer Rats vs 2 for Little Stars.
ShootOut
5:00 of 1st overtime period - Round #1.
5:00 of 1st overtime period - Sewer Rats, Mark Mancari.
5:00 of 1st overtime period - Snap shot by Mark Mancari.
5:00 of 1st overtime period - Stopped by Matt Murray.
5:00 of 1st overtime period - Little Stars, Evgeny Kuznetsov.
5:00 of 1st overtime period - Wrist shot by Evgeny Kuznetsov.
5:00 of 1st overtime period - Shot Misses the Net.
5:00 of 1st overtime period - Round #2.
5:00 of 1st overtime period - Sewer Rats, Tomas Tatar.
5:00 of 1st overtime period - Deke by Tomas Tatar.
5:00 of 1st overtime period - Stopped by Matt Murray.
5:00 of 1st overtime period - Little Stars, Dana Tyrell.
5:00 of 1st overtime period - Deke by Dana Tyrell.
5:00 of 1st overtime period - Shot Misses the Net.
5:00 of 1st overtime period - Round #3.
5:00 of 1st overtime period - Sewer Rats, Dmitrij Jaskin.
5:00 of 1st overtime period - Wrist shot by Dmitrij Jaskin.
5:00 of 1st overtime period - Stopped by Matt Murray.
5:00 of 1st overtime period - Little Stars, Jesse Joensuu.
5:00 of 1st overtime period - Snap shot by Jesse Joensuu.
5:00 of 1st overtime period - Shot Misses the Net.
5:00 of 1st overtime period - Round #4.
5:00 of 1st overtime period - Sewer Rats, Erik Condra.
5:00 of 1st overtime period - Snap shot by Erik Condra.
5:00 of 1st overtime period - Stopped by Matt Murray.
5:00 of 1st overtime period - Little Stars, Scott Kosmachuck.
5:00 of 1st overtime period - Deke by Scott Kosmachuck.
5:00 of 1st overtime period - Goal by Scott Kosmachuck.
Back to the Top